 Dungeon Crawl Stone Soup version 0.28.0-43-g3370ac3207 (webtiles) character file.

Game seed: 13634430503437567116

126 demenzo the Ruffian (level 4, -3/45 HPs)
             Began as a Troll Cinder Acolyte on Mar 30, 2022.
             Was a High Priest of Ignis.
             Slain by Edmund
             ... wielding a +0 flail of protection
              (11 damage)
             ... on level 3 of the Dungeon.
             The game lasted 00:02:28 (2448 turns).

demenzo the Ruffian (Troll Cinder Acolyte)          Turns: 2448, Time: 00:02:29

Health: -3/45      AC:  7    Str: 24    XL:     4   Next: 84%
Magic:  4/4        EV:  9    Int: 10    God:    Ignis [*****.]
Gold:   139        SH:  0    Dex:  5    Spells: 5/5 levels left

rFire   + . .      SeeInvis .     - Unarmed
rCold   + . .      Faith    .   (no shield)
rNeg    . . .      Spirit   .   a - +0 robe
rPois   .          Reflect  .   (helmet restricted)
rElec   .          Harm     .   b - +2 cloak
rCorr   .          Rampage  .   (gloves unavailable)
Will    .....                   (boots unavailable)
Stlth   +.........              (no amulet)
HPRegen 0.95/turn               e - ring of protection from fire
MPRegen 0.09/turn               f - ring of ice

@: no status effects
A: large, unfitting armour, claws 3, regeneration 1, shaggy fur 1, tough skin 1
a: Renounce Religion, Fiery Armour, Foxfire Swarm, Rising Flame


You were on level 3 of the Dungeon.
You worshipped Ignis.
Ignis was extremely pleased with you.
You visited 1 branch of the dungeon, and saw 4 of its levels.

You collected 139 gold pieces.

Inventory:

Hand Weapons
 n - a +0 hunting sling
Missiles
 c - 4 curare-tipped darts (quivered)
 m - 104 stones
Armour
 a - a +0 robe (worn)
 b - a +2 cloak (worn)
Jewellery
 e - a ring of protection from fire (left claw)
 f - a ring of ice (right claw)
 h - a ring of flight
Scrolls
 d - 2 scrolls of identify {unknown}
 j - a scroll of fear {unknown}
 k - 2 scrolls of blinking {unknown}
Potions
 g - a potion of degeneration {unknown}
 i - a potion of curing {unknown}
 l - a potion of lignification {unknown}


   Skills:
 - Level 3.0 Fighting
 * Level 5.2 Unarmed Combat
 - Level 1.0 Spellcasting
 - Level 2.1 Fire Magic


You had 5 spell levels left.
You didn't know any spells.
Your spell library contained the following spells:

 Spells                   Type           Power      Damage    Failure   Level
 Scorch                   Fire           8%         2d5       22%         2


Dungeon Overview and Level Annotations

Branches:
Dungeon (4/15)
 Temple: D:4-7

Altars:
Qazlal

Annotations:
D:3 Edmund


Innate Abilities, Weirdness & Mutations

You are too large for most types of armour.
You have claws for hands.
Your natural rate of healing is unusually fast.
You are covered in fur. (AC +1)
You have tough skin. (AC +1)


Message History

Edmund is heavily wounded.
Edmund hits you but does no damage.
You claw Edmund!
Edmund is severely wounded.
Edmund hits you with a +0 flail of protection!
You barely miss Edmund.
Edmund is severely wounded.
You closely miss Edmund.
Edmund is severely wounded.
Edmund hits you but does no damage.
You scratch Edmund but do no damage.
Edmund is severely wounded.
Edmund hits you but does no damage.
You scratch Edmund but do no damage.
Edmund is severely wounded.
Edmund barely misses you.
You scratch Edmund.
Edmund is severely wounded.
Edmund hits you with a +0 flail of protection!
You barely miss Edmund.
Edmund is severely wounded.
Edmund hits you with a +0 flail of protection.
You scratch Edmund but do no damage.
Edmund is severely wounded.
Edmund hits you with a +0 flail of protection!
You scratch Edmund.
Edmund is severely wounded.
Edmund hits you with a +0 flail of protection!
* * * LOW HITPOINT WARNING * * *
You scratch Edmund but do no damage.
Edmund is severely wounded.
Edmund hits you but does no damage.
You closely miss Edmund.
Edmund is severely wounded.
Edmund hits you with a +0 flail of protection.
* * * LOW HITPOINT WARNING * * *
You scratch Edmund.
Edmund is almost dead.
Edmund hits you with a +0 flail of protection!
You die...

#...##.#.......##.#
#<#....#.......##.#
#......##########.# ##.......#
######.# #..#.##.###......#
#..#.##......############
#..#....####.# #.....<.#
#..####.####.# #.#####.# #
#.......@@.#.# #.#####.## ##
#####......>##.#.# #.##......
.###......####.##.#.# #.##.##.##
........#.# #......# #.##.##.#
.###.##.#.# ###...## #.......# ##
#.#.#..# #.[[########.#####
.###.#..#.# #.).......##......
........#.######...#####.##.##.##
..#####...#..............##.##.##


You could see Edmund.

Vanquished Creatures
  4 gnolls (D:2)
  2 adders (D:3)
  An adder zombie (D:2)
  A dart slug (D:2)
  9 orcs (D:3)
  4 ball pythons
  4 bats
  An endoplasm (D:1)
  2 giant cockroaches (D:1)
  4 goblins
  3 hobgoblins
  3 jackals (D:1)
  4 kobolds
  3 quokkas
  8 rats
53 creatures vanquished.

Notes
Turn   | Place    | Note
-------+----------+-------------------------------------------
     0 | D:1      | demenzo the Troll Cinder Acolyte began the quest for the
                  | Orb.
     0 | D:1      | Reached XP level 1. HP: 22/22 MP: 1/1
   151 | D:1      | Reached XP level 2. HP: 29/29 MP: 2/2
   285 | D:1      | Found a faded altar of an unknown god.
   898 | D:2      | Reached XP level 3. HP: 36/36 MP: 3/3
   901 | D:2      | Reached skill level 4 in Unarmed Combat
  1007 | D:2      | Reached XP level 4. HP: 45/45 MP: 4/4
  2005 | D:3      | Found a stormy altar of Qazlal.
  2175 | D:3      | Reached skill level 5 in Unarmed Combat
  2410 | D:4      | Noticed Edmund
  2448 | D:3      | Slain by Edmund

Illustrated notes

Levels and vault maps discovered:
D:1:      sevenhm_arrival_forest_fort_small_4, layout_loops_cross,
          hellmonk_ecumenical_altar_blasted
D:2:      layout_loops_corners, serial_undead, serial_undead_c, serial_undead_b,
          serial_undead_b, serial_undead_c
D:3:      layout_loops_cross, lemuel_crystal_altar
D:4:      layout_cave_pods, minmay_fractal_squares_diagonal_5, uniq_ijyb,
          uniq_edmund

Skill      XL: |  1  2  3  4 |
---------------+-------------+-----
Unarmed Combat | 4 5 |  5.2
Fighting       | 3 |  3.0
Spellcasting   | |  1.0
Fire Magic     | |  2.1

Action                   |  1- 3 |  4- 6 || total
-------------------------+-------+-------++-------
Melee: Unarmed           |    73 |    98 ||   171
       Punch             |       |     2 ||     2
Armor: Robe              |    26 |    42 ||    68
Dodge: Dodged            |    24 |    34 ||    58
